[Event "*** Titled Tuesday Blitz"]
[Site "Chess.com"]
[Date "2020.05.19"]
[Round "1"]
[White "Abund"]
[Black "Nathan_Filgueiras"]
[Result "1/2-1/2"]
[WhiteElo "2611"]
[BlackElo "2330"]
[TimeControl "180+1"]
[EndTime "12:09:34 PDT"]
[Termination "Game drawn by repetition"]

1. d4 Nf6 2. c4 e6 3. Nc3 Bb4 4.
f3 d5 5. a3 Bxc3+ 6. bxc3 c5 7. cxd5 Nxd5 8. dxc5 Qa5 9. e4 Nxc3 10. Bd2 Nxd1 11.
Bxa5 Ne3 12. Kf2 Nxf1 13. Rxf1 Nc6 14. Bc3 e5 15. Ne2 Be6 16. Rd1 Ke7 17. Nc1 Rhd8 18. Nd3 f6 19. Nb4 Nxb4 20. axb4 Bb3 21. Rxd8 Rxd8 22. Rb1 Bc4 23. Rb2 Rd3 24. Bd2 a6 25.
Ke1 h5 26. Rc2 Bb5 27. Rc3 Rd4 28. Rc1 h4 29. g3 hxg3 30. hxg3 Rd3 31. Rc3 Rd4 32. Rc1 Ke6 33. Bc3 Rd3 34. Kf2 g6 35. Rc2 f5 36. exf5+ gxf5 37. Rc1 e4 38. fxe4 fxe4 39.
Be1 Kf5 40. Rc3 Rd4 41. Re3 Rc4 42. Bc3 Kg4 43. Ke1 Kf5 44. Kd2 a5 45. bxa5 Rxc5 46. Ke1 Rc4 47. Kf2 Ra4 48. Ke1 Ra2 49. Bd2 Ra1+ 50.
Kf2 Rf1+ 51. Kg2 Rd1 52. Be1 Rb1 53. Kf2 Rb2+ 54. Kg1 Bd3 55. Bf2 Ra2 56. Be1 Kg4 57. Bf2 Rxa5 58. Re1 Ra2 59. Rc1 b5 60. Bc5 Kf3 61. Re1 Rb2 62. Re3+ Kg4 63. Re1 Kxg3 64. Ra1 Rb1+ 65. Rxb1 Bxb1 66. Kf1 Bd3+ 67. Ke1 Kf3 68. Kd2 Bc4 69. Bd4 Kf4 70. Be3+ Ke5 71. Bc5 Kd5 72. Bb4 Kd4 73. Bc3+ Kd5 74. Bb4 Bd3 75. Kc3 e3 76. Kxd3 e2 77. Kxe2 Kc4 78. Bf8 b4 79. Kd1 b3 80. Kc1 b2+ 81. Kb1 Kb3 82. Bh6 Ka3 83. Bg7 Kb3 84. Bh8 Ka3 85. Bg7 Kb3 86. Bh8 Ka3 87.
Bf6 Kb3 88. Bh8 1/2-1/2

[Event "*** Titled Tuesday Blitz"]
[Site "Chess.com"]
[Date "2020.05.19"]
[Round "1"]
[White "sergeikim"]
[Black "SantoBlue"]
[Result "0-1"]
[WhiteElo "2411"]
[BlackElo "2786"]
[TimeControl "180+1"]
[EndTime "12:09:36 PDT"]
[Termination "SantoBlue won by resignation"]

1. d4 d6 2. c4 e5 3. Nf3 e4 4. Ng5 f5 5. Nc3 Nf6 6. h4 Be7 7. Bf4 c6 8. e3 O-O 9. Be2 Kh8 10. O-O Na6 11. Rb1 Nc7 12. b4 h6 13.
Nh3 Ne6 14. d5 Nxf4 15. Nxf4 Kh7 16. h5 Rf7 17. dxc6 bxc6 18. b5 c5 19. Ncd5 Bf8 20.
a4 Rb8 21. Qd2 Nxd5 22. Qxd5 Rf6 23. Rfd1 Bb7 24. Qd2 Be7 25. a5 Rf7 26. b6 a6 27. Ng6 Rf6 28. Nf4 Qe8 29. Qc3 Rd8 30. Rd2 Rf7 31. Ng6 Bf6 32. Qc2 Rfd7 33. Rbd1 Qe6 34. Nf4 Qf7 35. Nd5 Be5 36. g3 Kg8 37. Kg2 Rf8 38. Rh1 Rdd8 39. Rh4 Rfe8 40. Qd1 Rf8 41.
Kh2 Qe6 42. Kg2 Qd7 43. Kh2 Qf7 44. Kg2 Rde8 45. Kh2 Re6 46. Kg2 Rd8 47. Kh2 Qf8 48. Kg2 Kh7 49. Kh2 Bc6 50. Kg2 Bb7 51. Kh2 Qf7 52. Kg2 Bf6 53. Rh1 Bg5 54. Kh2 Re5 55. Rg1 Kg8 56. Rg2 Qe8 57. Kg1 Rd7 58. Rh2 Bd8 59.
Kg2 Rf7 60. Kg1 Re6 61. Kg2 Qd7 62. Kg1 Re5 63. Kg2 Rf8 64. Kg1 g5 65. hxg6 Kg7 66. Kg2 Rfe8 67. Qh1 Bg5 68. Rh5 Qd8 69. Qh3 Bc8 70.
Qh2 Bb7 71. Rd1 Rh8 72. Qh3 Bc8 73. Qh2 Bb7 74. Qh3 Bc8 75. Qh2 Ree8 76. Rd2 Bb7 77. Qh1 Ref8 78. Qa1+ Kxg6 79. Qh1 Bxd5 80. Rxd5 Qf6 81. Qh2 Rd8 82. Kg1 Qa1+ 83. Kg2 Qxa5 84. b7 Qb6 85. Qh3 Rhf8 86. Rxg5+ hxg5 87. Qh5+ Kf6 88. Qxg5+ Kxg5 89. f4+ exf3+ 0-1

[Event "*** Titled Tuesday Blitz"]
[Site "Chess.com"]
[Date "2020.05.19"]
[Round "1"]
[White "Kapibara_Warri0r"]
[Black "PlotnikovPavel"]
[Result "1/2-1/2"]
[WhiteElo "2073"]
[BlackElo "2483"]
[TimeControl "180+1"]
[EndTime "12:09:38 PDT"]
[Termination "Game drawn by 50-move rule"]

1. e4 e6 2. d4 d5 3. Nc3 Nf6 4. e5 Ng8 5. f4 c5 6. Nf3 Nc6 7. Be3 Nge7 8. dxc5 Nf5 9. Bg1 Qa5 10. a3 Bxc5 11.
b4 Nxb4 12. axb4 Qxb4 13. Qd2 Bxg1 14. Rxg1 O-O 15. g4 Ne7 16. Rb1 Qa3 17. Bd3 f6 18. g5 fxe5 19. Nxe5 Qc5 20. Rg2 Nc6 21. g6 h6 22. Nf7 a6 23. Na4 Qe7 24. Nb6 Rb8 25. Qf2 Qf6 26. Qe3 Ne7 27. Ne5 Qxf4 28. Qxf4 Rxf4 29. Ke2 Nf5 30. Bxf5 exf5 31. Kd3 Re4 32.
Nf7 f4 33. Nxc8 Rxc8 34. Nd6 Re3+ 35. Kd4 Rd8 36. Rxb7 Re6 37. Nf5 Rf6 38. Rxg7+ Kf8 39. Rf7+ Rxf7 40. gxf7 Kxf7 41. Nxh6+ Kf6 42. Ng4+ Kf5 43.
Nh6+ Kf6 44. Rf2 Rc8 45. Rxf4+ Kg5 46. Rf5+ Kxh6 47. Rxd5 Rxc2 48. Rd6+ Kh5 49. Rxa6 Rxh2 50. Ra5+ Kg4 51. Ke4 Re2+ 52. Kd3 Re8 53. Ra7 Rd8+ 54.
Ke4 Re8+ 55. Kd5 Kf5 56. Rf7+ Kg6 57. Rf1 Re2 58. Rg1+ Kf5 59. Rf1+ Kg4 60. Rg1+ Kf3 61. Rb1 Ke3 62. Kc5 Ke4 63. Kc6 Ke5 64. Rb5+ Ke6 65.
Kc7 Rc2+ 66. Kb7 Kd6 67. Rb6+ Kd7 68. Rb3 Rc7+ 69. Kb6 Rc6+ 70. Kb5 Rd6 71. Kb4 Kc6 72.
Rc3+ Kb6 73. Kb3 Rd4 74. Kc2 Kb5 75. Rb3+ Kc4 76. Rc3+ Kb4 77. Rd3 Rc4+ 78. Kd2 Rh4 79. Ke2 Kc4 80. Rd8 Rh2+ 81. Kf3 Rh3+ 82. Kf2 Rh2+ 83.
Kf3 Ra2 84. Kf4 Rf2+ 85. Kg4 Kc5 86. Kg3 Rf6 87. Kg4 Re6 88. Kf5 Re3 89. Kf4 Re1 90. Kf3 Rf1+ 91. Ke2 Rf6 92. Ke3 Re6+ 93. Kf4 Rf6+ 94. Ke5 Rf1 95. Ke4 Re1+ 96. Kf4 Rf1+ 97. Ke4 Rf7 98. Ke5 Re7+ 99. Kf6 Re2 1/2-1/2

[Event "*** Titled Tuesday Blitz"]
[Site "Chess.com"]
[Date "2020.05.19"]
[Round "1"]
[White "Justinz"]
[Black "Norival"]
[Result "0-1"]
[WhiteElo "2334"]
[BlackElo "2639"]
[TimeControl "180+1"]
[EndTime "12:09:51 PDT"]
[Termination "Norival won by resignation"]

1. e4 e5 2. Nf3 Nc6 3. Nc3 d6 4. d4 exd4 5. Nxd4 Be7 6. Be2 Bf6 7. Be3 Nge7 8. O-O O-O 9. Nb3 Re8 10. Qd2 Ng6 11. f3 Be5 12. Rae1 Bd7 13. Bd3 a6 14.
f4 Bf6 15. a4 Nb4 16. a5 Bc6 17. Nd4 Qd7 18. Kh1 Nxd3 19. cxd3 Rad8 20. Bg1 Bh4 21. Rd1 Nf8 22. Nf3 Bf6 23. Rfe1 Ba4 24. Rc1 Bb3 25.
d4 c6 26. Qd3 d5 27. e5 Be7 28.
f5 Bc4 29. Qc2 h6 30. Na4 Bb4 31. Nb6 Qc7 32. Red1 Bb5 33. Ra1 Bxa5 34. Rxa5 Qxb6 35. Ra3 Nh7 36. h4 Qc7 37. Qf2 Qe7 38. Qg3 Kh8 39.
Be3 Rg8 40. Rc3 Be2 41. Rd2 Bxf3 42. gxf3 Qd7 43. Qg4 g6 44. f6 Qxg4 45. fxg4 h5 46. g5 Nf8 47. Rb3 Rd7 48. Rc2 Ne6 49. Kg2 Rc8 50. Kf3 Kg8 51. Ke2 Kf8 52. Kd3 Ke8 53.
Rbc3 Kd8 54. b4 Kc7 55. Ra2 Kb6 56. Ra5 Ra8 57. Rc2 Rdd8 58. Rc3 Re8 59. Rc2 Nc7 60. Rcc5 Nb5 61. Bd2 Kc7 62. Ra2 b6 63. Rcc2 Kb7 64. Be3 Nc7 65. Ra1 Ne6 66. Rac1 Rec8 67. Ra1 Rc7 68.
Rac1 a5 69. bxa5 Rxa5 70. Rc3 Rc8 71. Rb1 Nd8 72. Rcb3 b5 73. Rc3 Ne6 74. Rcb3 Rca8 75. Bd2 Ra3 76. Bb4 Rxb3+ 77. Rxb3 Ra4 78. Bc5 Ka6 79. Rc3 b4 80. Rb3 Kb5 81. Bd6 Nf4+ 82. Ke3 Ne6 83. Kd3 Nf4+ 84. Ke3 Kc4 85. Rb1 Ne6 86.
Rc1+ Kb5 87. Rb1 Ra3+ 88. Ke2 Nxd4+ 89. Kd2 Ra4 90. Kd3 Ne6 91. Rc1 c5 92. Ke3 Ra3+ 93. Kd2 Ra2+ 94. Kd3 c4+ 95. Ke3 b3 96. Rb1 Kc6 97. Kf3 d4 98. Ke4 Re2+ 99. Kf3 Re3+ 100. Kf2 Kd5 0-1

[Event "*** Titled Tuesday Blitz"]
[Site "Chess.com"]
[Date "2020.05.19"]
[Round "1"]
[White "grunbergmihai"]
[Black "ameetghasi100"]
[Result "1/2-1/2"]
[WhiteElo "2389"]
[BlackElo "2713"]
[TimeControl "180+1"]
[EndTime "12:10:01 PDT"]
[Termination "Game drawn - timeout vs insufficient material"]

1. Nf3 g6 2. d4 Bg7 3. c4 Nf6 4. g3 O-O 5. Bg2 d6 6. O-O c6 7.
Nc3 Qa5 8. e4 Bg4 9. h3 Bxf3 10.
Bxf3 Nfd7 11. Be3 a6 12. a3 Qc7 13. Rc1 e5 14. d5 c5 15. Bg2 f5 16. f4 exf4 17. Bxf4 Ne5 18. exf5 Rxf5 19. Ne4 h6 20.
Qd2 g5 21. Be3 Rxf1+ 22. Kxf1 Nbd7 23. Kg1 b5 24. cxb5 axb5 25. h4 Ng4 26. hxg5 Nxe3 27. Qxe3 Bxb2 28. Rc2 Rxa3 29. Qf2 Be5 30. gxh6 Nf8 31.
Ng5 Qe7 32. Qf5 Rxg3 33. Ne6 Nxe6 34. dxe6 Bd4+ 35. Kf1 Rg5 36. h7+ Kh8 37. Qf7 Qxf7+ 38.
exf7 Rf5+ 39. Ke2 Rxf7 40. Be4 Re7 41. Kf3 Rf7+ 42. Kg4 Be5 43. Bf5 Kg7 44. Ra2 Kh6 45.
Ra8 Rxf5 46. Kxf5 Kxh7 47. Ra7+ Kh6 48. Ra8 b4 49. Rb8 Kg7 50. Ke6 Kg6 51. Rg8+ Kh5 52. Kf5 Kh4 53. Ke4 b3 54. Kd3 b2 55. Kc2 Bd4 56. Rg6 Be5 57. Rg8 Kh5 58. Rg2 c4 59. Rg1 c3 60. Kd3 Kh4 61. Kc2 Bd4 62. Rg6 Be5 63. Rg8 Bg3 64. Rg6 d5 65. Rb6 d4 66. Rb4 Kg4 67. Rxd4+ Kf3 68. Rd3+ Kf2 69. Rxc3 Be5 70. Rb3 Bd4 71. Rxb2 Ke3 72. Rb3+ Ke4 73.
Rb4 Kd5 74. Kb3 Bc5 75. Rb5 Kc6 76. Kc4 Bd6 77. Rf5 Bg3 78. Rf6+ Bd6 79. Re6 Kc7 80.
Rg6 Kc6 81. Kd4 Kc7 82. Kd5 Bb4 83. Rg7+ Kb6 84. Rg8 Kc7 85. Rg6 Kb7 86. Rc6 Ba5 87. Rc4 Bb6 88. Kd6 Ka6 89. Rc2 Kb5 90. Rb2+ Ka5 91.
Kc6 Bd4 92. Rb1 Bc3 93. Kc5 Ka6 94. Rb3 Ba5 95. Rb5 Bc7 96. Kc6 Ba5 1/2-1/2

[Event "*** Titled Tuesday Blitz"]
[Site "Chess.com"]
[Date "2020.05.19"]
[Round "1"]
[White "Dedic8"]
[Black "Elbek_Jumanov"]
[Result "0-1"]
[WhiteElo "2719"]
[BlackElo "2408"]
[TimeControl "180+1"]
[EndTime "12:10:10 PDT"]
[Termination "Elbek_Jumanov won by resignation"]

1. e4 c5 2. Nf3 e6 3. d4 cxd4 4. Nxd4 Nf6 5. Nc3 d6 6. g4 h6 7. h4 a6 8. Rg1 h5 9. g5 Ng4 10. Bh3 Nc6 11. Nxc6 bxc6 12. Bxg4 hxg4 13. Qxg4 g6 14.
b3 Bg7 15. Bb2 Qa5 16. Rg3 e5 17. Qe2 Rxh4 18. O-O-O Qc7 19. Ba3 Bf8 20. Qd2 Kd7 21. Rd3 c5 22. Nd5 Qc6 23. Nf6+ Kc7 24. Qa5+ Kb7 25. Rc3 Be6 26. Nd5 Bxd5 27. exd5 Qb6 28. Qxb6+ Kxb6 29. Rf3 Ra7 30. Rg1 Bg7 31. Kd2 Rd4+ 32.
Rd3 Rf4 33. Ke2 e4 34. Rh3 Bd4 35. Rg2 Rf5 36. c3 Bg7 37. Bc1 Rxd5 38. Be3 Rf5 39.
c4 d5 40. cxd5 Rxd5 41. Rh7 Bd4 42. Rg4 Bxe3 43. Kxe3 Re7 44. Rxe4 Rxe4+ 45. Kxe4 Rxg5 46.
Rxf7 Kb5 47. Rf6 Rg4+ 48. Kd3 Rg2 49. Kc3 g5 50. a4+ Ka5 51. Rf5 Kb6 52. Rf6+ Kb7 53. Kc4 g4 54. Kxc5 Rg1 55. Rf7+ Kc8 56. b4 Rb1 57. a5 Rb2 58. Rf4 Kc7 59. Rf7+ Kc8 60. Rg7 Rxf2 61. Rxg4 Rf5+ 62. Kc6 Rf6+ 63. Kc5 Rf5+ 64.
Kc4 Rf6 65. Rg7 Kb8 66. Kc5 Rh6 67. Rd7 Rh5+ 68. Rd5 Rh4 69. Rd6 Kb7 70. Rd7+ Kb8 71. Rd4 Rh5+ 72. Kc6 Rh6+ 73. Rd6 Rh4 74. Rd8+ Ka7 75.
Rd7+ Ka8 76. Kc5 Rh5+ 77. Rd5 Rh4 78. Rd8+ Kb7 79. Rd7+ Kb8 80. Rd6 Kb7 81. Rb6+ Ka7 82. Re6 Rh5+ 83. Kd6 Rh4 84. Re7+ Kb8 85. Kc5 Ka8 86. Re3 Rh5+ 87. Kc6 Rh6+ 88. Kc7 Rh7+ 89. Kb6 Rh6+ 90. Kc5 Rh5+ 91. Kc4 Rh4+ 92. Kb3 Rh5 93.
Re8+ Kb7 94. Re4 Rh6 95. Rc4 Rh5 96. Rc6 Kxc6 0-1

[Event "*** Titled Tuesday Blitz"]
[Site "Chess.com"]
[Date "2020.05.19"]
[Round "1"]
[White "Asteroxylon"]
[Black "Semen_Khanin"]
[Result "1-0"]
[WhiteElo "2406"]
[BlackElo "2648"]
[TimeControl "180+1"]
[EndTime "12:10:10 PDT"]
[Termination "Asteroxylon won by checkmate"]

1. e4 c5 2. Nc3 Nc6 3. g3 g6 4. Bg2 Bg7 5. d3 e6 6. Be3 d6 7. f4 Nge7 8. Nf3 O-O 9. O-O Rb8 10. Qd2 b5 11. a3 a5 12. Rae1 b4 13. axb4 axb4 14. Nd1 Bb7 15. g4 f5 16. exf5 exf5 17.
Ng5 Qd7 18. Bf2 fxg4 19. Ne6 Rf7 20. Nxg7 Kxg7 21. d4 Nxd4 22. Bxd4+ cxd4 23. Qxd4+ Kg8 24. Bxb7 Qxb7 25. Ne3 h5 26. Qxd6 Rbf8 27. Nc4 Nf5 28. Qxg6+ Rg7 29. Qe6+ Kh7 30. Qe4 Qa7+ 31. Kh1 g3 32. hxg3 Rxg3 33. Nd6 Qd7 34. Nxf5 Rxf5 35. Qe7+ Rf7 36. Qxd7 Rxd7 37. Re2 Kg6 38. Rg1 Rxg1+ 39. Kxg1 Kf5 40. Rf2 h4 41. Kg2 Kg4 42. f5 h3+ 43. Kh2 Rf7 44. f6 Kh4 45. Rf4+ Kg5 46. Rxb4 Rxf6 47.
Kxh3 Rf2 48. Rc4 Kf5 49. Kg3 Rd2 50. Kf3 Ke5 51. Ke3 Rh2 52. b3 Rh3+ 53. Kd2 Kd5 54.
Kc1 Rg3 55. Kb2 Rh3 56. Rc3 Rh4 57. Rc8 Rg4 58. c3 Rh4 59. b4 Kd6 60. Kb3 Kd7 61.
Rc4 Rh1 62. Rc5 Kd6 63. Ra5 Rb1+ 64. Kc4 Rc1 65. Ra6+ Kc7 66. b5 Kb7 67. Rh6 Rg1 68. Kb4 Rg4+ 69. c4 Rf4 70. Kc5 Rf5+ 71. Kb4 Rf4 72. Rc6 Rg4 73. Rc5 Rf4 74. Re5 Rg4 75.
Kc5 Rg7 76. Rf5 Rc7+ 77. Kb4 Rg7 78. c5 Rg1 79. Rf7+ Kb8 80. b6 Rb1+ 81. Kc4 Rg1 82. Kb5 Rg5 83. Rf6 Rg8 84. Rc6 Rf8 85. Rc7 Rg8 86.
c6 Rg5+ 87. Ka6 Rg1 88. Rb7+ Kc8 89. Ra7 Ra1+ 90. Kb5 Rb1+ 91. Kc5 Rc1+ 92. Kd5 Rd1+ 93. Ke4 Rc1 94. Ra8# 1-0

[Event "*** Titled Tuesday Blitz"]
[Site "Chess.com"]
[Date "2020.05.19"]
[Round "1"]
[White "Hippotaner"]
[Black "SamuelGhimpu2003"]
[Result "1/2-1/2"]
[WhiteElo "2317"]
[BlackElo "2596"]
[TimeControl "180+1"]
[EndTime "12:10:56 PDT"]
[Termination "Game drawn by 50-move rule"]

1. e4 e6 2. d3 d5 3. Nd2 Nf6 4.
Ngf3 c5 5. g3 Nc6 6. Bg2 Be7 7.
O-O O-O 8. Re1 b5 9. e5 Nd7 10. Qe2 Qc7 11. Nf1 Re8 12. h4 a5 13. Bf4 a4 14. Ne3 Bb7 15. Nxd5 exd5 16. e6 Qd8 17. exf7+ Kxf7 18. Qe6+ Kf8 19. Ng5 Bxg5 20. Bd6+ Ne7 21. hxg5 Ra6 22. Re3 Rxd6 23. Qxd6 Nb6 24. Qxc5 d4 25.
Re6 Bxg2 26. Kxg2 Qd5+ 27. Qxd5 Nbxd5 28. Rae1 Rc8 29. R1e2 b4 30. Ra6 b3 31. cxb3 axb3 32.
axb3 Nb4 33. Rd6 Nf5 34. Rd7 Nxd3 35. g4 Nf4+ 36. Kf3 Nxe2 37. gxf5 Nc1 38. Rxd4 Nxb3 39.
Rd3 Rb8 40. f6 gxf6 41. gxf6 Nc5 42. Rd5 Ne6 43. Ke4 Rxb2 44. Kf5 Rb6 45. Rd7 Kg8 46. Re7 Nf8 47. Re8 Rb5+ 48. Kg4 Kf7 49. Ra8 Ng6 50. Ra7+ Kg8 51. Rg7+ Kh8 52. f4 Rb4 53. Ra7 Kg8 54. Kg5 Nxf4 55. Ra8+ Kf7 56. Ra7+ Ke6 57. Re7+ Kd6 58.
Rxh7 Ne6+ 59. Kg6 Rg4+ 60. Kh5 Rg5+ 61. Kh4 Rf5 62. f7 Ke7 63. Kg4 Rf1 64. Kg3 Kf8 65. Kg2 Rf6 66. Kg3 Ng5 67. Rh8+ Kxf7 68. Ra8 Ne6 69.
Ra7+ Kg6 70. Ra6 Kf5 71. Ra5+ Ke4 72. Ra4+ Nd4 73. Rb4 Rg6+ 74. Kf2 Ke5 75. Rb8 Nf5 76.
Re8+ Kf4 77. Rf8 Ra6 78. Rf7 Ra2+ 79. Ke1 Ke3 80. Kd1 Nd4 81. Re7+ Kd3 82. Ke1 Nf3+ 83.
Kf1 Ng5 84. Rd7+ Ke3 85. Re7+ Kf3 86. Rg7 Ne4 87. Rf7+ Kg3 88. Rg7+ Kf3 89. Rf7+ Ke3 90. Kg1 Ra1+ 91. Kg2 Ra6 92. Re7 Rg6+ 93. Kf1 Kf3 94. Rf7+ Ke3 95. Re7 Rh6 96. Kg2 Kf4 97. Rf7+ Kg4 98.
Rg7+ Ng5 99. Kf2 Ra6 100. Ke3 Ra3+ 101. Kd4 Kf5 102. Kc4 Ne6 103. Rf7+ Ke5 104. Rf1 Re3 105. Kb4 Re4+ 106. Kb5 Kd5 107. Kb6 Nd4 108. Kb7 Re6 109. Rh1 Re7+ 110. Kc8 Kd6 111. Rd1 Re8+ 112. Kb7 Kc5 113. Kc7 Kd5 114. Kd7 Rh8 115. Rd2 Rh7+ 116. Ke8 Ke6 117. Kf8 Nf5 1/2-1/2

[Event "*** Titled Tuesday Blitz"]
[Site "Chess.com"]
[Date "2020.05.19"]
[Round "2"]
[White "hoshor"]
[Black "Korona_91"]
[Result "0-1"]
[WhiteElo "2204"]
[BlackElo "2518"]
[TimeControl "180+1"]
[EndTime "12:12:43 PDT"]
[Termination "Korona_91 won by resignation"]

1. d4 e6 2. c4 b6 3. Nc3 Bb7 4. f3 f5 5. e3 Nf6 6. Bd3 Bb4 7.
Ne2 O-O 8. a3 Bxc3+ 9. Nxc3 Nh5 10. Qe2 d6 11. O-O e5 12. d5 f4 13. Bf5 Rxf5 0-1

[Event "*** Titled Tuesday Blitz"]
[Site "Chess.com"]
[Date "2020.05.19"]
[Round "2"]
[White "pedro_nascimento85"]
[Black "S_Kalvaitis"]
[Result "0-1"]
[WhiteElo "1730"]
[BlackElo "2351"]
[TimeControl "180+1"]
[EndTime "12:12:48 PDT"]
[Termination "S_Kalvaitis won by resignation"]

1. d4 d5 2. c4 e5 3. dxe5 d4 4.
Nf3 Nc6 5. Nbd2 Nge7 6. Nb3 Nf5 7. g3 a5 8. a4 Be6 9. Qc2 Nb4 10. Qb1 Qd7 11.
Bg2 Bxc4 12. Qxf5 Qxf5 0-1

[Event "*** Titled Tuesday Blitz"]
[Site "Chess.com"]
[Date "2020.05.19"]
[Round "2"]
[White "jeaston1"]
[Black "Grootneus"]
[Result "0-1"]
[WhiteElo "2409"]
[BlackElo "2209"]
[TimeControl "180+1"]
[EndTime "12:13:28 PDT"]
[Termination "Grootneus won by resignation"]

1. d4 d5 2. c4 c6 3. Nc3 Nf6 4. e3 e6 5. Nf3 Nbd7 6. Be2 dxc4 7. a4 b5 8. axb5 cxb5 9. Nxb5 Nb6 10. O-O Bd7 11.
Nc3 Be7 12. Ne5 Qc7 13. Nb5 Bxb5 0-1

[Event "*** Titled Tuesday Blitz"]
[Site "Chess.com"]
[Date "2020.05.19"]
[Round "2"]
[White "vanea_03"]
[Black "atwalcb"]
[Result "1-0"]
[WhiteElo "2639"]
[BlackElo "2332"]
[TimeControl "180+1"]
[EndTime "12:13:31 PDT"]
[Termination "vanea_03 won by resignation"]

1. Nf3 d6 2. e4 Nf6 3. Nc3 Nbd7 4. d4 e5 5. Bc4 Be7 6. a4 O-O 7. O-O a6 8. a5 b5 9. axb6 cxb6 10. d5 Bb7 11. h3 b5 12. Bd3 Nc5 13. b4 Ncd7 14. Be3 Qc7 15. Ne2 Rfc8 16. Nd2 Nb6 17. Ng3 g6 18. Qe2 Qc3 19. Bxb6 1-0

[Event "*** Titled Tuesday Blitz"]
[Site "Chess.com"]
[Date "2020.05.19"]
[Round "2"]
[White "ljuks68"]
[Black "BulletMercenary"]
[Result "0-1"]
[WhiteElo "2380"]
[BlackElo "2094"]
[TimeControl "180+1"]
[EndTime "12:13:31 PDT"]
[Termination "BulletMercenary won by resignation"]

1. e4 e6 2. d4 d5 3. Nc3 Bb4 4. e5 c5 5. a3 cxd4 6. axb4 dxc3 7. Qg4 Ne7 8. Qxg7 Rg8 9. Qxh7 Qc7 10. Nf3 Nd7 11. Bb5 Rg6 12. O-O cxb2 13. Bxb2 Qxc2 14. Bc1 Rxg2+ 15. Kxg2 Qxh7 16. Kh1 Qe4 17. Ra3 Ng6 18. Re1 Qxb4 0-1

[Event "*** Titled Tuesday Blitz"]
[Site "Chess.com"]
[Date "2020.05.19"]
[Round "2"]
[White "marcodobrikov"]
[Black "rogapa"]
[Result "0-1"]
[WhiteElo "2470"]
[BlackElo "2693"]
[TimeControl "180+1"]
[EndTime "12:13:44 PDT"]
[Termination "rogapa won by resignation"]

1. e4 c5 2. Nf3 d6 3. d4 cxd4 4. Nxd4 Nf6 5. Nc3 a6 6. h3 e6 7. g4 Be7 8. g5 Nfd7 9. h4 b5 10. a3 Bb7 11. Be3 Nc6 12. Nxc6 Bxc6 13. Qd4 O-O 14. O-O-O Nc5 15. f3 Rb8 16. Kb1 a5 17. h5 b4 18. axb4 Rxb4 19. Qd2 Qb6 20. g6 Rxb2+ 0-1

[Event "*** Titled Tuesday Blitz"]
[Site "Chess.com"]
[Date "2020.05.19"]
[Round "2"]
[White "BeanScreen"]
[Black "BronceYSueno"]
[Result "1-0"]
[WhiteElo "2613"]
[BlackElo "2311"]
[TimeControl "180+1"]
[EndTime "12:13:45 PDT"]
[Termination "BeanScreen won by resignation"]

1. e4 c5 2. Nf3 d6 3. d4 cxd4 4. Nxd4 Nf6 5. Nc3 g6 6. Be3 Bg7 7. f3 O-O 8. Qd2 Nc6 9. g4 Nxd4 10. Bxd4 Bd7 11. O-O-O b5 12. h4 b4 13. Nd5 Nxd5 14.
Bxg7 Kxg7 15. exd5 Qa5 16. Kb1 h6 17. h5 g5 18. f4 f6 19. Qd3 Be8 20. Qe4 Qc7 21.
Bd3 1-0

[Event "*** Titled Tuesday Blitz"]
[Site "Chess.com"]
[Date "2020.05.19"]
[Round "2"]
[White "bmt011"]
[Black "Thee-Chessboy"]
[Result "0-1"]
[WhiteElo "2039"]
[BlackElo "2381"]
[TimeControl "180+1"]
[EndTime "12:13:48 PDT"]
[Termination "Thee-Chessboy won by resignation"]

1. d4 Nf6 2. Bf4 c5 3. c3 g6 4.
e3 Bg7 5. Nf3 O-O 6. h3 d5 7.
Bd3 Nc6 8. Nbd2 Nd7 9. Bb5 Qb6 10. Bxc6 bxc6 11. Qb3 Ba6 12. Qxb6 axb6 13. e4 dxe4 14. Nxe4 cxd4 15. Nxd4 e5 0-1

[Event "*** Titled Tuesday Blitz"]
[Site "Chess.com"]
[Date "2020.05.19"]
[Round "2"]
[White "giantslayer83"]
[Black "Aradej"]
[Result "1-0"]
[WhiteElo "2686"]
[BlackElo "2467"]
[TimeControl "180+1"]
[EndTime "12:13:51 PDT"]
[Termination "giantslayer83 won by resignation"]

1. d4 d6 2. Nf3 Nf6 3. c4 c5 4. Nc3 g6 5. e4 cxd4 6. Nxd4 Bg7 7. Be2 O-O 8. O-O Nc6 9. Be3 Nxd4 10.
Bxd4 Be6 11. Qd2 Qa5 12. Rfd1 Rfc8 13. b3 a6 14. f3 Nd7 15. Bxg7 Kxg7 16. Rac1 b5 17.
cxb5 axb5 18. Bxb5 Rxc3 19. Qxc3+ Qxc3 20. Rxc3 Rxa2 21. Bxd7 Bxd7 22. Rc7 Be6 23. Rxe7 1-0

[Event "*** Titled Tuesday Blitz"]
[Site "Chess.com"]
[Date "2020.05.19"]
[Round "2"]
[White "Danfii"]
[Black "FairChess_on_YouTube"]
[Result "0-1"]
[WhiteElo "2346"]
[BlackElo "3015"]
[TimeControl "180+1"]
[EndTime "12:14:03 PDT"]
[Termination "FairChess_on_YouTube won by resignation"]

1. e4 c5 2. Nf3 e6 3. d4 cxd4 4. Nxd4 Nc6 5. Nc3 Qc7 6. Be3 a6 7. Qf3 Nf6 8. O-O-O Rb8 9. Nxc6 bxc6 10. Kb1 d5 11. Bf4 Bd6 12. Bxd6 Qxd6 13. Qg3 Qb4 14. b3 O-O 15. e5 Nd7 16. Na4 Qxa4 0-1

[Event "*** Titled Tuesday Blitz"]
[Site "Chess.com"]
[Date "2020.05.19"]
[Round "2"]
[White "PlotnikovPavel"]
[Black "tgpgoat"]
[Result "1-0"]
[WhiteElo "2484"]
[BlackElo "2050"]
[TimeControl "180+1"]
[EndTime "12:14:08 PDT"]
[Termination "PlotnikovPavel won by resignation"]

1. e4 c5 2. c3 d5 3. exd5 Qxd5 4.
d4 e6 5. Nf3 Nc6 6. Be3 cxd4 7.
Nxd4 Nxd4 8. Qxd4 Qxd4 9. Bxd4 Be7 10. Bxg7 Bf6 11. Bxh8 Bxh8 12. Nd2 Bd7 13. Bd3 Nf6 14. O-O-O Bc6 15. f3 O-O-O 16. Ne4 Nd5 17. g3 Bg7 18. Rhe1 Bh6+ 19. f4 e5 20. Ng5 exf4 21. Nxf7 fxg3+ 22. Nxh6 gxh2 23. Be4 Ne3 24. Rxd8+ Kxd8 25. Bxc6 bxc6 1-0

[Event "*** Titled Tuesday Blitz"]
[Site "Chess.com"]
[Date "2020.05.19"]
[Round "2"]
[White "kirillshevchenko"]
[Black "jtayar88"]
[Result "1-0"]
[WhiteElo "2927"]
[BlackElo "2559"]
[TimeControl "180+1"]
[EndTime "12:14:11 PDT"]
[Termination "kirillshevchenko won by resignation"]

1. e4 c5 2. Nf3 d6 3. d4 Nf6 4. Nc3 cxd4 5. Nxd4 a6 6. Be3 e6 7. Be2 Qc7 8. Qd2 b5 9. a3 Bb7 10. f3 Nbd7 11. O-O-O Nb6 12. Ndxb5 axb5 13. Nxb5 Qd8 14.
Nxd6+ Bxd6 15. Qxd6 Qxd6 16. Rxd6 Nc8 17. Bb5+ Ke7 18. Rdd1 Nxe4 19. fxe4 Bxe4 20. Rd7+ Kf6 21. Rf1+ 1-0

[Event "*** Titled Tuesday Blitz"]
[Site "Chess.com"]
[Date "2020.05.19"]
[Round "2"]
[White "gilbert_gm"]
[Black "Lucas_Tomiello"]
[Result "1-0"]
[WhiteElo "2597"]
[BlackElo "2192"]
[TimeControl "180+1"]
[EndTime "12:14:14 PDT"]
[Termination "gilbert_gm won by resignation"]

1. d4 Nf6 2. Nf3 g6 3. g3 Bg7 4. Bg2 O-O 5. O-O d6 6. c4 a6 7. Nc3 Nc6 8. b3 Rb8 9. Bb2 b5 10. cxb5 axb5 11. Rc1 Bd7 12. d5 Na5 13. Nd4 e5 14.
dxe6 fxe6 15. Ncxb5 Bxb5 16. Nxe6 Qe7 17. Bxf6 Rxf6 18.
Rxc7 Rxe6 19. Rxe7 Rxe7 20. Qxd6 Bf8 21. Qxb8 1-0

[Event "*** Titled Tuesday Blitz"]
[Site "Chess.com"]
[Date "2020.05.19"]
[Round "2"]
[White "Lagmantr"]
[Black "noblerone"]
[Result "1-0"]
[WhiteElo "2679"]
[BlackElo "2462"]
[TimeControl "180+1"]
[EndTime "12:14:20 PDT"]
[Termination "Lagmantr won by resignation"]

1. e4 c5 2. Nf3 e6 3. d4 cxd4 4.
Nxd4 Qb6 5. Nb3 Qc7 6. Be2 Bd6 7. c4 b6 8. Nc3 a6 9. Be3 Nf6 10. Qd4 Be5 11. Qxb6 Qxb6 12. Bxb6 Bxc3+ 13. bxc3 Nxe4 14. Bf3 Bb7 15. Na5 1-0

[Event "*** Titled Tuesday Blitz"]
[Site "Chess.com"]
[Date "2020.05.19"]
[Round "2"]
[White "DrVitman"]
[Black "hansen"]
[Result "0-1"]
[WhiteElo "2561"]
[BlackElo "2963"]
[TimeControl "180+1"]
[EndTime "12:14:24 PDT"]
[Termination "hansen won by resignation"]

1. e4 e5 2. Nf3 Nc6 3. Bb5 a6 4.
Ba4 Nf6 5. Bxc6 dxc6 6. d3 Nd7 7.
Nbd2 Bd6 8. Nc4 O-O 9. h3 Re8 10. Qe2 c5 11. Be3 Nb8 12. Nxd6 cxd6 13. O-O Nc6 14.
Nd2 f5 15. f3 Be6 16. c3 Rc8 17. Rfd1 Qf6 18. Qf2 f4 19. Bxc5 dxc5 20. Qxc5 Nd4 21. Qb6 Nc2 22. Rac1 Ne3 23. Re1 Nxg2 0-1

[Event "*** Titled Tuesday Blitz"]
[Site "Chess.com"]
[Date "2020.05.19"]
[Round "2"]
[White "Stronger1799"]
[Black "SuperCheese"]
[Result "0-1"]
[WhiteElo "2294"]
[BlackElo "2559"]
[TimeControl "180+1"]
[EndTime "12:14:31 PDT"]
[Termination "SuperCheese won by resignation"]

1. e4 e5 2. Nf3 Nc6 3. Bb5 a6 4. Ba4 d6 5. c4 Bd7 6. Nc3 g6 7. d4 exd4 8. Nxd4 Bg7 9. Be3 Nge7 10. O-O O-O 11. Bc2 Ne5 12. b3 N7c6 13. h3 Nxd4 14.
Bxd4 c5 15. Be3 Nxc4 16. bxc4 Bxc3 17. Qxd6 Bxa1 18. Rxa1 Be6 19. Bh6 Qxd6 0-1